 Dungeon Crawl Stone Soup version 0.29.0-13-gc9e81de378 (webtiles) character file.

Game seed: 7065513592532003644

2685 ImASeal the Fighter (level 9, -8/102 HPs)
             Began as a Troll Fighter on Sept 7, 2022.
             Was a Follower of Makhleb.
             Killed from afar by a steam dragon (23 damage)
             ... with a ball of steam
             ... on level 7 of the Dungeon.
             The game lasted 00:16:13 (5881 turns).

ImASeal the Fighter (Troll Fighter)                 Turns: 5881, Time: 00:16:14

Health: -8/102     AC:  6    Str: 30    XL:     9   Next: 38%
Magic:  8/8        EV:  8    Int:  4    God:    Makhleb [*.....]
Gold:   391        SH:  7    Dex:  9    Spells: 8/8 levels left

rFire   . . .      SeeInvis .   a - +0 flail
rCold   . . .      Faith    .   c - +0 kite shield
rNeg    . . .      Spirit   .   s - +2 robe {Archmagi}
rPois   .          Reflect  .   (helmet restricted)
rElec   .          Harm     .   (no cloak)
rCorr   .          Rampage  .   (gloves unavailable)
Will    .....      Archmagi +   (boots unavailable)
Stlth   +.........              z - amulet of regeneration
HPRegen 1.87/turn               (no ring)
MPRegen 0.11/turn               (no ring)

@: lethally poisoned (-8 -> -8)
A: large, unfitting armour, claws 3, regeneration 1, shaggy fur 1, tough skin 1
a: Renounce Religion


You were on level 7 of the Dungeon.
You worshipped Makhleb.
Makhleb was aware of your devotion.
You visited 2 branches of the dungeon, and saw 8 of its levels.
You also visited: Ossuary.

You collected 391 gold pieces.

Inventory:

Hand Weapons
 a - a +0 flail (weapon)
 d - a +0 scythe of venom
 C - a +1 vorpal shortbow
 E - the +6 sling of the Brewing Oracle {flame, rF+ Int+2}
   (You found it on level 6 of the Dungeon)

   Any ammunition fired from it burns those it strikes, dealing additional fire
   damage.
   Int:       It affects your intelligence (+2).
   rF:        It protects you from fire.
Missiles
 o - 9 poisoned darts (quivered)
 F - 5 stones
Armour
 b - a +0 robe
 c - a +0 kite shield (worn)
 s - a +2 robe of the Archmagi (worn)
Jewellery
 w - an amulet of guardian spirit
 x - an amulet of faith
 z - an amulet of regeneration (around neck)
Wands
 B - a wand of flame (23)
Scrolls
 e - 3 scrolls of fog {unknown}
 f - 2 scrolls of teleportation {unknown}
 g - a scroll of blinking
 j - 10 scrolls of identify
 l - 3 scrolls of immolation {unknown}
 q - 2 scrolls of fear {unknown}
 u - a scroll of vulnerability
 y - a scroll of amnesia {unknown}
 A - a scroll of magic mapping {unknown}
 D - 2 scrolls of summoning {unknown}
Potions
 h - 4 potions of flight {unknown}
 i - 4 potions of haste {unknown}
 k - 3 potions of degeneration {unknown}
 m - a potion of attraction
 n - 2 potions of magic {unknown}
 p - 7 potions of curing {unknown}
 r - 2 potions of heal wounds {unknown}
 t - 3 potions of mutation {unknown}
 v - a potion of cancellation {unknown}


   Skills:
 * Level 10.7 Fighting
 - Level 2.2 Maces & Flails
 + Level 1.7 Throwing
 - Level 2.7 Dodging
 - Level 3.0 Shields


You had 8 spell levels left.
You didn't know any spells.
Your spell library contained the following spells:

 Spells                   Type           Power      Damage    Failure   Level
 Blink                    Tloc           0%         N/A       90%         2
 Ensorcelled Hibernation  Hex/Ice        0%         N/A       90%         2
 Poisonous Vapours        Pois/Air       0%         N/A       90%         2
 Dazzling Flash           Conj/Hex       0%         N/A       99%         3
 Lesser Beckoning         Tloc           0%         N/A       99%         3
 Spider Form              Tmut/Pois      0%         N/A       99%         3
 Anguish                  Hex/Necr       0%         N/A       100%        4
 Corpse Rot               Necr/Pois/Air  0%         N/A       100%        4
 Hailstorm                Conj/Ice       0%         3d3       100%        4
 Ice Form                 Ice/Tmut       0%         N/A       100%        4
 Iskenderun's Mystic Bla  Conj/Tloc      0%         2d3       100%        4
 Manifold Assault         Tloc           0%         N/A       100%        5
 Simulacrum               Ice/Necr       0%         N/A       100%        6
 Starburst                Conj/Fire      0%         6d3       100%        6


Dungeon Overview and Level Annotations

Branches:
Dungeon (7/15)             Temple (1/1) D:6         Ossuary (visited)

Altars:
Ashenzari
Cheibriados
Dithmenos
Gozag
Hepliaklqana
Kikubaaqudgha
Makhleb
Nemelex Xobeh
Okawaru
Qazlal
Ru
Trog
Vehumet
Wu Jian
Xom
Yredelemnul
Zin
The Shining One

Shops:
D:3 *   D:5 *


Innate Abilities, Weirdness & Mutations

You are too large for most types of armour.
You have claws for hands.
Your natural rate of healing is unusually fast.
You are covered in fur. (AC +1)
You have tough skin. (AC +1)


Message History

You block the steam dragon's attack. The steam dragon barely misses you.
You completely miss the steam dragon.
You feel very sick. The steam dragon breathes steam at you.
The ball of steam hits you!!
You hear a shout!
You hit the steam dragon but do no damage.
You feel very sick. The steam dragon breathes steam at you.
The ball of steam misses you.
You thump the steam dragon!
The steam dragon is heavily wounded.
You are engulfed in a cloud of scalding steam.
You feel sick. The steam dragon bites you. The steam dragon claws you.
The steam dragon bites you. The steam dragon claws you.
* * * LOW HITPOINT WARNING * * *
A kobold brigand comes into view.
It is wielding a +0 whip and quivering poisoned darts.
You closely miss the steam dragon.
The steam dragon is heavily wounded.
You are engulfed in a cloud of scalding steam.
* * * LOW HITPOINT WARNING * * *
You feel sick. You block the steam dragon's attack.
The steam dragon barely misses you.
You hit the steam dragon.
The steam dragon is heavily wounded.
You feel sick.
The steam dragon bites you but does no damage.
The steam dragon claws you but does no damage.
You closely miss the steam dragon.
The steam dragon is heavily wounded.
You feel sick. The steam dragon breathes steam at you.
The ball of steam hits you!
* * * LOW HITPOINT WARNING * * *
The steam dragon barely misses you. x2
You hear a shout!
You feel sick. The steam dragon breathes steam at you.
The ball of steam hits you!!
You die...

##.# ..# #
..#
#.##.###
.....#
#.####>#.##
#(..$.KD..#
######.#§§#
#.#@§####
##
#.#§§§..#
..#.#.###.#
.##.#.#.###
#
..........#
....#.#.#.#
.####.#.#.#
#..#...#.#
#....###.#


You could see a steam dragon (catching breath).

Vanquished Creatures
  Sigmund (D:3)
  2 water moccasins
  An ogre (D:6)
  2 black bears
  A centaur (D:5)
  A necrophage (D:6)
  A jelly (D:6)
  16 scorpions
  A centaur zombie (Ossuary)
  3 hounds
  3 human zombies (Ossuary)
  2 gnoll boudas
  2 iguanas
  Ijyb (D:3)
  3 orc wizards
  5 scorpion zombies (Ossuary)
  4 mummies
  13 adders
  12 gnolls
  2 white imps
  An ufetubus (D:4)
  2 worms
  3 dart slugs
  9 orcs
  4 ball pythons
  4 endoplasms
  4 giant cockroaches
  6 goblins
  5 hobgoblins
  5 quokkas
  3 bats
  2 frilled lizards (D:1)
  3 goblin zombies (Ossuary)
  10 kobolds
  6 kobold zombies
  4 orc zombies
  7 rats
154 creatures vanquished.

Notes
Turn   | Place    | Note
-------+----------+-------------------------------------------
     0 | D:1      | ImASeal the Troll Fighter began the quest for the Orb.
     0 | D:1      | Reached XP level 1. HP: 22/22 MP: 0/0
    69 | D:1      | Reached XP level 2. HP: 28/29 MP: 1/1
   320 | D:1      | Reached XP level 3. HP: 36/36 MP: 2/2
   778 | D:2      | Reached skill level 3 in Fighting
   851 | D:2      | Found a faded altar of an unknown god.
  1179 | D:3      | Found Baluff's General Store.
  1191 | D:3      | You fall into a shaft and drop 1 floor!
  1266 | D:4      | Reached XP level 4. HP: 45/45 MP: 3/3
  1442 | D:3      | Reached skill level 4 in Fighting
  1476 | D:3      | Noticed Sigmund
  1487 | D:3      | Killed Sigmund
  1488 | D:3      | Reached skill level 5 in Fighting
  1488 | D:3      | Reached XP level 5. HP: 10/57 MP: 4/4
  1488 | D:3      | Reached XP level 6. HP: 12/66 MP: 5/5
  1557 | D:3      | Found a radiant altar of Vehumet.
  1702 | D:3      | Found an iron altar of Okawaru.
  2202 | D:3      | Noticed Ijyb
  2208 | D:3      | Killed Ijyb
  2522 | D:4      | Reached skill level 6 in Fighting
  2522 | D:4      | Reached XP level 7. HP: 4/75 MP: 6/6
  2593 | D:4      | Found a burning altar of Makhleb.
  2600 | D:4      | Became a worshipper of Makhleb the Destroyer
  2953 | D:5      | Entered Level 5 of the Dungeon
  3041 | D:5      | Found a sand-covered staircase.
  3046 | Ossuary  | Entered an ossuary
  3095 | Ossuary  | Reached skill level 7 in Fighting
  3095 | Ossuary  | Reached skill level 1 in Throwing
  3323 | Ossuary  | Reached XP level 8. HP: 88/88 MP: 7/7
  3349 | Ossuary  | Reached skill level 8 in Fighting
  3362 | Ossuary  | Reached * piety under Makhleb
  3492 | Ossuary  | Reached skill level 9 in Fighting
  4166 | D:5      | Found Sedan's Gadget Gallery.
  4639 | D:6      | Found a staircase to the Ecumenical Temple.
  4704 | D:6      | Reached XP level 9. HP: 37/101 MP: 8/8
  4775 | Temple   | Entered the Ecumenical Temple
  5096 | D:6      | Reached skill level 10 in Fighting
  5229 | D:6      | Identified the +6 sling of the Brewing Oracle {flame, rF+
                  | Int+2}
  5881 | D:7      | Killed from afar by a steam dragon

Illustrated notes

Levels and vault maps discovered:
D:1:      minmay_arrival_glassed_features, layout_loops_ring
D:2:      layout_rooms, shapermc_ecumenical_altar_venn
D:3:      layout_basic, amcnicky_altar_gilded, vehumet_crystals, serial_shops,
          nicolae_shop_hallway_plus, moated_statue, uniq_sigmund, uniq_ijyb
D:4:      layout_loops_ring, mainiacjoe_overflow_alcove_1
D:5:      layout_basic, nicolae_ossuary_entry_giza, nicolae_shop_gadgets
D:6:      layout_loops_ring, minmay_temple_entry_mist, grunt_decor_arrowhead,
          abandoned_shop
D:7:      minmay_razor_zed, layout_basic, mainiacjoe_overflow_divided_tiny,
          nrook_campfire
Temple:   nicolae_temple_bog_church

Skill      XL: |  1  2  3  4  5  6  7  8  9 |
---------------+----------------------------+-----
Maces & Flails | 2 |  2.2
Shields        | 3 |  3.0
Fighting       | 3 5 6 7 9 10 | 10.7
Throwing       | 1 |  1.7
Dodging        | |  2.7

Action                   |  1- 3 |  4- 6 |  7- 9 || total
-------------------------+-------+-------+-------++-------
Melee: Flail             |   123 |   146 |   421 ||   690
 Fire: Sling             |       |       |     3 ||     3
Throw: Dart              |       |    10 |     5 ||    15
Evoke: Wand              |       |     1 |       ||     1
  Use: Potion            |       |     1 |       ||     1
       Scroll            |       |       |     3 ||     3
Armor: Robe              |    47 |    93 |   165 ||   305
Dodge: Dodged            |    48 |    66 |   179 ||   293
Block: Kite shield       |    68 |    88 |   175 ||   331
